 Dungeon Crawl Stone Soup version 0.24-a0-250-g6074511 (webtiles) character file.

Game seed: 3149577283912473980

1080 Borgoz the Cutter (level 8, 0/50 HPs)
             Began as a Kobold Gladiator on Apr 14, 2019.
             Succumbed to Duvessa's poison
             ... on level 4 of the Dungeon.
             The game lasted 00:05:59 (3157 turns).

Borgoz the Cutter (Kobold Gladiator)                Turns: 3157, Time: 00:06:00

Health: 0/50       AC:  7    Str: 13    XL:     8   Next: 55%
Magic:  8/8        EV: 17    Int:  9    God:
Gold:   98         SH:  0    Dex: 17    Spells: 7/7 levels left

rFire    . . .     SeeInvis .   a - +0 rapier
rCold    . . .     Gourm    .   (shield restricted)
rNeg     + . .     Faith    .   d - +0 ring mail "Tatey" {rPois rCorr} (curse)
rPois    +         Spirit   .   c - +0 helmet
rElec    .         Reflect  .   (no cloak)
rCorr    +         Harm     .   (no gloves)
MR       .....                  (no boots)
Stlth    +.........             (no amulet)
HPRegen  0.16/turn              e - ring of positive energy
MPRegen  0.11/turn              (no ring)

@: lethally poisoned (0 -> -8)
A: small, carnivore
a: no special abilities


You were on level 4 of the Dungeon.
You were very full.

You visited 1 branch of the dungeon, and saw 4 of its levels.

You collected 98 gold pieces.

Inventory:

Hand Weapons
 a - a +0 rapier (weapon)
Armour
 c - a +0 helmet (worn)
 d - the cursed +0 ring mail "Tatey" (worn) {rPois rCorr}
   (You found it on level 4 of the Dungeon)

   It protects you from poison.
   It provides partial protection from all sources of acid and corrosion.
   It has a curse placed upon it.
Jewellery
 e - a ring of positive energy (left hand)
 h - an uncursed ring of fire
Wands
 b - a wand of paralysis (5)
 n - a wand of clouds (4)
 o - a wand of acid (6)
 p - a wand of enslavement (5)
Scrolls
 g - a scroll of random uselessness {unknown}
 i - 4 scrolls of identify {unknown}
 j - 2 scrolls of remove curse {unknown}
 k - a scroll of enchant armour {unknown}
 l - a scroll of amnesia {unknown}
 m - a scroll of teleportation
 r - a scroll of blinking {unknown}
Comestibles
 f - 7 rations


   Skills:
 + Level 5.5 Fighting
 + Level 7.3 Short Blades
 - Level 2.1 Throwing
 + Level 3.7 Armour
 + Level 6.7 Dodging


You had 7 spell levels left.
You didn't know any spells.
Your spell library was empty.

Dungeon Overview and Level Annotations

Branches:
Dungeon (4/15)
 Temple: D:4-7

Altars:
Sif Muna


Innate Abilities, Weirdness & Mutations

You are small and have problems with some larger weapons.
You are carnivorous and can eat meat at any time.


Message History

Aiming: Corrosive Bolt
Press: ? - help, Shift-Dir - straight line, f/p - Dowan
Aim: Dowan, wielding a +0 dagger and wearing a +0 robe (moderately wounded, fast)
The bolt of acid hits Dowan!
Dowan is splashed with acid.
You kill Dowan!
* * * LOW HITPOINT WARNING * * *
You feel sick.
* * * LOW HITPOINT WARNING * * *
You feel sick.
Things that are here:
a +0 dagger; a +0 robe
Okay, then.
As you read the scroll labeled VENUTHR HYJO, it crumbles to dust.
You feel strangely unstable.
It was a scroll of teleportation.
* * * LOW HITPOINT WARNING * * *
You feel sick.
Things that are here:
a +1 rapier of venom; a +0 chain mail; a scroll labeled PALENY IFAMPA Your surroundings suddenly seem different.
You die...

##......# ####...##
##...# #...##
##...#### #......###
##.......###
###.......# ####...@#
# ###### ######.#
..#....####.###..#
..#.[......<....#####
....................#
###.###...#.#######.#
......#.#.......# #.#
##..#.#.###..##.# #.#
##..#.#.#....##.# #.#


There were no monsters in sight!

Vanquished Creatures
  Pikel (D:4)
  Duvessa (D:4)
  An ogre (D:4)
  Dowan (D:4)
  2 howler monkeys (D:4)
  4 orc wizards (D:4)
  A bullfrog skeleton (D:4)
  2 hounds (D:4)
  2 worker ants (D:4)
  An adder (D:3)
  2 oozes
  An adder skeleton (D:4)
  A worm (D:2)
  A dart slug (D:1)
  9 orcs (D:4)
  3 giant cockroaches
  4 hobgoblins
  8 jackals (D:4)
  3 quokkas
  6 bats
  3 frilled lizards
  8 goblins
  6 kobolds
  3 rats
74 creatures vanquished.

Vanquished Creatures (others)
  3 slaves (D:4)
  An ogre (D:4)
  A hound (D:4)
  Ijyb (D:4)
  An orc (D:4)
  A hobgoblin (D:4)
  A jackal skeleton (D:4)
9 creatures vanquished.

Grand Total: 83 creatures vanquished

Notes
Turn   | Place    | Note
-------+----------+-------------------------------------------
     0 | D:1      | Borgoz the Kobold Gladiator began the quest for the Orb.
     0 | D:1      | Reached XP level 1. HP: 12/12 MP: 1/1
   131 | D:1      | Reached XP level 2. HP: 18/18 MP: 2/2
   779 | D:2      | Reached XP level 3. HP: 22/22 MP: 3/3
  1076 | D:2      | Reached skill level 1 in Armour
  1570 | D:3      | Reached XP level 4. HP: 17/27 MP: 4/4
  1702 | D:3      | Found a deep blue altar of Sif Muna.
  2007 | D:4      | Reached skill level 5 in Short Blades
  2007 | D:4      | Reached XP level 5. HP: 19/32 MP: 5/5
  2027 | D:4      | Noticed Pikel
  2033 | D:4      | Noticed a slave
  2033 | D:4      | Noticed a slave
  2035 | D:4      | Noticed a slave
  2040 | D:4      | Noticed a slave
  2070 | D:4      | Killed Pikel
  2070 | D:4      | Reached skill level 6 in Short Blades
  2070 | D:4      | Reached skill level 5 in Dodging
  2070 | D:4      | Reached XP level 6. HP: 28/39 MP: 6/6
  2070 | D:4      | Reached XP level 7. HP: 32/44 MP: 7/7
  2092 | D:4      | Got an ancient ring mail
  2105 | D:4      | Identified the cursed +0 ring mail "Tatey" {rPois rCorr}
                  | (You found it on level 4 of the Dungeon)
  2144 | D:4      | Killed Ijyb
  2288 | D:4      | Reached XP level 8. HP: 33/48 MP: 8/8
  2303 | D:4      | Reached skill level 5 in Fighting
  2737 | D:4      | Reached skill level 7 in Short Blades
  3123 | D:4      | Noticed Dowan
  3126 | D:4      | Noticed Duvessa
  3148 | D:4      | Killed Duvessa
  3153 | D:4      | Killed Dowan
  3154 | D:4      | HP: 2/50 [poisoned by Duvessa]
  3157 | D:4      | Succumbed to Duvessa's poison

Levels and vault maps discovered:
D:1:      matt_arrival_grand_opening, layout_rooms,
          chequers_serial_rivers_micro_c
D:2:      layout_loops_ring, first_ration, minivault_14
D:3:      layout_rooms, lemuel_doored_altar
D:4:      corexii_shack_village, layout_basic, serial_curves, eino_curves_01,
          eino_curves_04, eino_curves_01, uniq_ijyb, uniq_duvessa, uniq_pikel,
          uniq_edmund

Skill      XL: |  1  2  3  4  5  6  7  8 |
---------------+-------------------------+-----
Dodging        | 4 5 6 |  6.7
Armour         | 1 3 |  3.7
Fighting       | 3 4 5 |  5.5
Short Blades   | 5 6 7 |  7.3
Throwing       | |  2.1

Action                   |  1- 3 |  4- 6 |  7- 9 || total
-------------------------+-------+-------+-------++-------
Melee: Rapier            |   110 |    71 |   174 ||   355
Throw: Throwing net      |       |     3 |       ||     3
Evoke: Wand              |       |       |     4 ||     4
  Use: Potion            |       |     7 |     2 ||     9
       Scroll            |       |       |     1 ||     1
 Stab: Sleeping          |     1 |       |       ||     1
       Held in net/web   |       |     2 |       ||     2
       Distracted        |       |       |     1 ||     1
  Eat: Chunk             |     9 |     3 |     3 ||    15
Armor: Leather armour    |    20 |     7 |       ||    27
       Ring mail         |       |       |    32 ||    32
Dodge: Dodged            |    93 |    52 |   150 ||   295

Table legend:
 A = Non-vault XP
 B = Vault XP
 C = Vault XP percentage of total XP
 D = Non-vault monster count
 E = Vault monster count
 F = Vault count percentage of total count
                 A         B        C        D         E       F
            +---------+---------+-------+---------+---------+-------
      Total |     695 |     849 |  55.0 |      63 |      11 |  14.9
            +---------+---------+-------+---------+---------+-------
        D:1 |      22 |       0 |   0.0 |      11 |       0 |   0.0
        D:2 |      28 |       0 |   0.0 |      16 |       0 |   0.0
        D:3 |      25 |       0 |   0.0 |       7 |       0 |   0.0
        D:4 |     620 |     849 |  57.8 |      29 |      11 |  27.5
            +---------+---------+-------+---------+---------+-------
